 Dungeon Crawl Stone Soup version 0.29.0-4-gdea44cf6ec (webtiles) character file.

Game seed: 5760465791034622763

9 qw the Sneak (level 2, -5/14 HPs)
             Began as a Felid Delver on Aug 27, 2022.
             Slain by an iguana (6 damage)
             ... on level 5 of the Dungeon.
             The game lasted 00:00:00 (77 turns).

qw the Sneak (Felid Delver)                           Turns: 77, Time: 00:00:00

Health: -5/14      AC:  1    Str:  8    XL:     2   Next: 3%
Magic:  3/3        EV: 17    Int: 11    God:
Gold:   0          SH:  0    Dex: 17    Spells: 1/1 levels left
                                        Lives:  0   Deaths: 0

rFire   . . .      SeeInvis +     - Unarmed
rCold   . . .      Faith    .   (shield unavailable)
rNeg    . . .      Spirit   .   (body armour unavailable)
rPois   .          Reflect  .   (helmet unavailable)
rElec   .          Harm     .   (cloak unavailable)
rCorr   .          Rampage  .   (gloves unavailable)
Will    .....                   (boots unavailable)
Stlth   +++.......              (no amulet)
HPRegen 0.04/turn               (no ring)
MPRegen 0.08/turn               (no ring)

@: quick
A: very small, claws 1, fangs 3, see invisible, speed 1, shaggy fur 1, stealthy
paws, no weapons or thrown items, no armour, multi-lived
a: no special abilities


You were on level 5 of the Dungeon.
You visited 1 branch of the dungeon, and saw 1 of its levels.


Innate Abilities, Weirdness & Mutations

You have sharp claws.
You have razor-sharp teeth.
You have supernaturally acute eyesight. (SInv)
You cover ground quickly. (Speed+)
You are covered in fur. (AC +1)
Your paws help you pounce on unaware monsters.
You are incapable of wielding weapons or throwing items.
You cannot wear armour.
You gain extra lives every three experience levels.


   Skills:
 - Level 3.0 Fighting
 - Level 2.6 Dodging
 - Level 6.6 Stealth
 + Level 2.8 Unarmed Combat


You had one spell level left.
You didn't know any spells.
Your spell library was empty.

Inventory:

Wands
 e - a wand of digging (3)
Scrolls
 a - a scroll of fog
 b - a scroll of magic mapping
 c - a scroll of fear
Potions
 d - a potion of haste

Dungeon Overview and Level Annotations

Branches:
Dungeon (5/15)
 Temple: D:4-7

Altars:


Message History

You have reached level 2!
Found a stone staircase leading down.
You see here a +0 scale mail of willpower.
There is a stone staircase leading down here.
You open the door.
There is an open door here.
An iguana comes into view.
The iguana hisses angrily.
The iguana moves out of view.
You scratch the iguana but do no damage.
You scratch the iguana.
The iguana is lightly wounded.
The iguana bites you!
Ouch! That really hurt!
You scratch the iguana but do no damage.
The iguana is lightly wounded.
The iguana misses you.
You scratch the iguana.
The iguana is moderately wounded.
The iguana misses you.
You barely miss the iguana. You claw the iguana, but do no damage.
You bite the iguana.
The iguana is moderately wounded.
The iguana closely misses you.
You scratch the iguana.
The iguana is severely wounded.
The iguana bites you.
You closely miss the iguana.
The iguana is severely wounded.
The iguana bites you but does no damage.
You barely miss the iguana. You bite the iguana, but do no damage.
The iguana is severely wounded.
The iguana misses you.
You scratch the iguana. You bite the iguana, but do no damage.
The iguana is almost dead.
The iguana closely misses you.
You scratch the iguana but do no damage.
The iguana is almost dead.
The iguana bites you.
You die...

######
#....#.######
#.##.#......
#.#..#.....
#.#..#....
#######.#..#...
#...[...#..#..
#.......#..#l####
#......>#..#@...###
#..........###....#
#####.#....'......#
#........########
#.........#8###8#
#.....###........
##.....# #...[....
.......###........
...:.......#8###}#


You could see an iguana.

Vanquished Creatures
  An adder (D:5)
1 creature vanquished.

Notes
Turn   | Place    | Note
-------+----------+-------------------------------------------
     0 | D:5      | qw the Felid Delver began the quest for the Orb.
     0 | D:5      | Reached XP level 1. HP: 10/10 MP: 2/2
     0 | D:5      | 0 ||| qw: Version: 0.1-a-89-g26bdef1
     0 | D:5      | 0 ||| qw: Game counter: 11
     0 | D:5      | 0 ||| qw: Always use a shield: true
     0 | D:5      | 0 ||| qw: God list: Okawaru, Trog
     0 | D:5      | 0 ||| qw: Allow faded altars: false
     0 | D:5      | 0 ||| qw: Do Orc after D:15 true
     0 | D:5      | 0 ||| qw: Do second Lair branch before Depths: true
     0 | D:5      | 0 ||| qw: Lair rune preference: random
     0 | D:5      | 0 ||| qw: Plans: Normal
     0 | D:5      | 0 ||| PLANNING D:1-11
    28 | D:5      | Reached XP level 2. HP: 14/14 MP: 3/3
    73 | D:5      | HP: 1/14 [iguana (3)]
    77 | D:5      | Slain by an iguana

Levels and vault maps discovered:
D:5:      nicolae_BIG_FREAKIN_CUBE, layout_basic,
          minmay_temple_entry_nine_rooms, serial_corexii_hall,
          chequers_hall_statues_y, corexii_hall_statues_l, uniq_sigmund

Action                   || total
-------------------------++-------
Melee: Unarmed           ||    11
       Bite              ||     3
       Punch             ||     1
 Stab: Sleeping          ||     1
Armor: Skin              ||     1
Dodge: Dodged            ||     5

Table legend:
 A = Non-vault XP
 B = Vault XP
 C = Vault XP percentage of total XP
 D = Non-vault monster count
 E = Vault monster count
 F = Vault count percentage of total count
                 A         B        C        D         E       F
            +---------+---------+-------+---------+---------+-------
      Total |      13 |       0 |   0.0 |       1 |       0 |   0.0
            +---------+---------+-------+---------+---------+-------
        D:5 |      13 |       0 |   0.0 |       1 |       0 |   0.0
            +---------+---------+-------+---------+---------+-------
